 Dungeon Sprint DCSS version 0.19.0-22-gd96e5fe (webtiles) character file.

1015 dobroeutro the Unseen (level 8, -1/37 HPs)
             Began as a Spriggan Assassin on Nov 19, 2016.
             Was an Initiate of Dithmenos.
             Slain by a deep troll (20 damage)
             ... in the Dungeon (Sprint I: "Red Sonja").
             The game lasted 00:01:57 (176 turns).

dobroeutro the Unseen (Spriggan Assassin)            Turns: 176, Time: 00:01:58

Health: -1/37      AC:  3    Str:  7    XL:     8   Next: 1%
Magic:  9/9        EV: 17    Int: 13    God:    Dithmenos [......]
Gold:   389        SH:  0    Dex: 19    Spells: 0 memorised, 7 levels left

rFire  . . .     SeeInvis +     n - +2 dagger (distort)
rCold  . . .     Gourm    .     c - +0 robe
rNeg   . . .     Faith    .     (shield restricted)
rPois  .         Spirit   .     (helmet restricted)
rElec  .         Reflect  .     d - +0 cloak
rCorr  .         Harm     .     (gloves unavailable)
MR     +....     NoTele   +     (boots unavailable)
Stlth  ++++++++..               (no amulet)
                                (no ring)
                                (no ring)

@: very quick
A: unfitting armour, see invisible, herbivore 3, speed 3, slow metabolism 2
a: Renounce Religion


You were in the Dungeon.
You worshipped Dithmenos.
Dithmenos was noncommittal.
You were not hungry.

You visited 1 branch You collected 415 gold pieces.
You spent 26 gold pieces at shops.

Inventory:

Hand Weapons
 b - a +0 blowgun
 n - a +2 dagger of distortion (weapon)
Missiles
 e - 8 poisoned needles
 f - 15 curare-tipped needles
Armour
 c - a +0 robe (worn)
 d - a +0 cloak (worn)
Scrolls
 m - a scroll of blinking
Potions
 h - a potion of curing
 i - a potion of heal wounds
 j - a potion of haste
 k - 2 potions of magic
 l - a potion of berserk rage
Comestibles
 g - a bread ration


   Skills:
 - Level 1.5 Fighting
 + Level 11.1 Short Blades
 - Level 2.0 Throwing
 - Level 1.5 Dodging
 * Level 20.4 Stealth


You had 7 spell levels left.
You didn't know any spells.

Dungeon Overview and Level Annotations

Branches:
Dungeon (1/1)

Altars:
Cheibriados
Dithmenos
Elyvilon
Fedhas
Gozag
Hepliaklqana
Kikubaaqudgha
Nemelex Xobeh
Okawaru
Qazlal
Ru
Sif Muna
Trog
Uskayaw
Vehumet
Yredelemnul
Zin
The Shining One

Shops:
D [(


Innate Abilities, Weirdness & Mutations

You are very small and have problems with some larger weapons.
You are too small for most types of armour.
You have supernaturally acute eyesight. (SInv)
You are a herbivore.
You cover ground extremely quickly.
You need consume almost no food.


Message History

Really unwield
n - a +2 dagger of distortion?
Wield which item (- for none, * to show all)? (? for menu, Esc to quit)
Okay, then.
Unknown command.
The deep troll bites you! The deep troll claws you. The deep troll misses you.
You see here 27 gold pieces.
You hit the deep troll.
The deep troll looks slightly unstable.
The deep troll is lightly wounded.
You hit the deep troll but do no damage.
The deep troll is lightly wounded.
The deep troll blinks!
You barely miss the deep troll.
The deep troll is lightly wounded.
You hit the deep troll but do no damage.
The deep troll seems more stable.
The deep troll is lightly wounded.
The deep troll misses you. The deep troll barely misses you.
The deep troll claws you!!
Ouch! That really hurt!
You die...

#..#####'#####'#
#..####..#...#.#
#..#__####..##)#
#..#_____##'#..+
#⌠⌠#_.∩...'..._#
####_..__##_.#+#
#_____###'#
############.####+###
#∩........'...T@§.$$+
###++++####.).#######
##.## #+#


You could see a deep troll.

Vanquished Creatures
  Sonja (D)
  Sigmund (D)
  A yak (D)
  An ogre (D)
  A jelly (D)
  Ijyb (D)
6 creatures vanquished.

Notes
Turn   | Place    | Note
-------+----------+-------------------------------------------
     0 | D        | dobroeutro the Spriggan Assassin began the quest for the Orb.
     0 | D        | Reached XP level 1. HP: 10/10 MP: 2/2
     2 | D        | Noticed Ijyb
     4 | D        | Killed Ijyb
     4 | D        | Reached skill level 9 in Stealth
     4 | D        | Reached XP level 2. HP: 14/14 MP: 3/3
     6 | D        | Noticed an ogre
     9 | D        | Killed an ogre
     9 | D        | Reached skill level 12 in Stealth
     9 | D        | Reached XP level 3. HP: 18/18 MP: 4/4
     9 | D        | Reached XP level 4. HP: 22/22 MP: 5/5
    18 | D        | Noticed Sigmund
    21 | D        | Killed Sigmund
    21 | D        | Reached skill level 15 in Stealth
    21 | D        | Reached XP level 5. HP: 25/25 MP: 6/6
    21 | D        | Reached XP level 6. HP: 30/30 MP: 7/7
    33 | D        | Found a deep blue altar of Sif Muna.
    35 | D        | Found a radiant altar of Vehumet.
    40 | D        | Reached skill level 16 in Stealth
    58 | D        | Found Mepnoir's Weapon Emporium.
    58 | D        | Found an ancient bone altar of Kikubaaqudgha.
    58 | D        | Found a hazy altar of Hepliaklqana.
    58 | D        | Found a stormy altar of Qazlal.
    58 | D        | Found a hide-covered altar of Uskayaw.
    58 | D        | Found a blossoming altar of Fedhas.
    58 | D        | Found a bloodstained altar of Trog.
    58 | D        | Found an iron altar of Okawaru.
    58 | D        | Found a basalt altar of Yredelemnul.
    58 | D        | Found a glowing golden altar of the Shining One.
    58 | D        | Found a snail-covered altar of Cheibriados.
    58 | D        | Found a sacrificial altar of Ru.
    58 | D        | Found a glowing silver altar of Zin.
    58 | D        | Found a shadowy altar of Dithmenos.
    58 | D        | Found a white marble altar of Elyvilon.
    58 | D        | Noticed a yak
    85 | D        | Killed a yak
    85 | D        | Reached skill level 17 in Stealth
   108 | D        | Found an opulent altar of Gozag.
   109 | D        | Found a sparkling altar of Nemelex Xobeh.
   113 | D        | Bought 4 curare-tipped needles for 26 gold pieces
   119 | D        | Became a worshipper of Dithmenos the Shadowed
   128 | D        | Noticed Sonja
   132 | D        | Killed Sonja
   132 | D        | Reached skill level 20 in Stealth
   132 | D        | Reached XP level 7. HP: 33/33 MP: 8/8
   132 | D        | Reached XP level 8. HP: 37/37 MP: 9/9
   150 | D        | Found Ypsimu's Antique Armour Boutique.
   170 | D        | Noticed a deep troll
   176 | D        | Slain by a deep troll

Skill      XL: |  1  2  3  4  5  6 |
---------------+-------------------+-----
Short Blades   | 4 6 8 11 | 11.1
Stealth        | 9 12 15 20 | 20.4
Fighting       | |  1.5
Throwing       | |  2.0
Dodging        | |  1.5

Action                   |  1- 3 |  4- 6 |  7- 9 || total
-------------------------+-------+-------+-------++-------
Melee: Dagger            |     2 |     5 |     4 ||    11
 Fire: Blowgun           |       |    10 |       ||    10
 Stab: Sleeping          |     2 |     3 |       ||     5
Armor: Robe              |       |     1 |       ||     1
Dodge: Dodged            |       |     2 |     3 ||     5
